 Dungeon Crawl Stone Soup version 0.28.0-43-g3370ac3207 (webtiles) character file.

Game seed: 6240813549393145536

2461 Atelerd the Magician (level 9, -1/51 (53) HPs)
             Began as an Octopode Earth Elementalist on Mar 19, 2022.
             Slain by an orc
             ... wielding a +0 short sword
              (5 damage)
             ... on level 4 of the Dungeon on Mar 20, 2022.
             The game lasted 00:16:55 (9300 turns).

Atelerd the Magician (Octopode Earth Elementalist)  Turns: 9300, Time: 00:16:56

HP:   -1/51 (53)    AC:  1    Str:  7    XL:     9   Next: 50%
MP:   11/20         EV: 14    Int: 21    God:
Gold: 164           SH:  0    Dex: 13    Spells: 16/23 levels left

rFire   . . .      SeeInvis .   c - +1 dagger
rCold   . . .      Faith    .   (no shield)
rNeg    . . .      Spirit   .   (helmet restricted)
rPois   .          Reflect  .   (no amulet)
rElec   .          Harm     .   (no ring)
rCorr   .          Rampage  .   (no ring)
Will    .....                   (no ring)
Stlth   ++++......              (no ring)
HPRegen 0.17/turn               (no ring)
MPRegen 0.17/turn               (no ring)
                                (no ring)
                                (no ring)

@: lethally poisoned (-1 -> -4), very slightly contaminated, lightly drained
A: almost no armour, amphibious, 8 rings, camouflage 1, gelatinous body 1,
(nimble swimmer 1), tentacles
a: no special abilities


You were on level 4 of the Dungeon.
You visited 2 branches of the dungeon, and saw 8 of its levels.
You also visited: Sewer.

You collected 297 gold pieces.
You spent 133 gold pieces at shops.

Inventory:

Hand Weapons
 c - a +1 dagger (weapon)
Missiles
 b - 144 stones
Wands
 m - a wand of paralysis (3)
 v - a wand of digging (4)
 y - a wand of acid (13)
Scrolls
 a - 3 scrolls of enchant weapon
 d - 2 scrolls of fog
 e - a scroll of magic mapping
 f - a scroll of torment
 g - a scroll of immolation
 j - 2 scrolls of holy word {unknown}
 k - 2 scrolls of blinking
 l - 4 scrolls of teleportation {unknown}
 n - a scroll of fear {unknown}
 q - a scroll of silence {unknown}
 r - 5 scrolls of noise
 t - a scroll of vulnerability {unknown}
 w - a scroll of acquirement {unknown}
Potions
 h - 4 potions of attraction
 i - 2 potions of mutation
 o - 3 potions of curing
 p - 2 potions of haste {unknown}
 s - a potion of berserk rage {unknown}
 u - 3 potions of brilliance {unknown}


   Skills:
 - Level 1.0 Fighting
 - Level 1.3 Short Blades
 - Level 4.0 Dodging
 + Level 7.2 Stealth
 + Level 7.8 Spellcasting
 - Level 3.0 Transmutations
 + Level 7.0 Earth Magic


You had 16 spell levels left.
You knew the following spells:

 Your Spells              Type           Power      Damage    Failure   Level
a - Sandblast             Erth           74%        2d16      1%          1
b - Passwall              Tmut/Erth      24%        N/A       1%          2
p - Petrify               Tmut/Erth      29%        N/A       11%         4

Your spell library contained the following spells:

 Spells                   Type           Power      Damage    Failure   Level
 Stone Arrow              Conj/Erth      44%        3d9       6%          3
 Summon Guardian Golem    Hex/Summ       8%         N/A       24%         3
 Orb of Destruction       Conj           4%         9d5       100%        7
 Spellforged Servitor     Conj/Summ      4%         N/A       100%        7


Dungeon Overview and Level Annotations

Branches:
Dungeon (7/15)             Temple (1/1) D:4           Sewer (visited)

Altars:
Cheibriados
Dithmenos
Elyvilon
Fedhas
Gozag
Kikubaaqudgha
Makhleb
Nemelex Xobeh
Okawaru
Qazlal
Sif Muna
Trog
Uskayaw
Vehumet
Wu Jian
Xom
Yredelemnul
Zin
The Shining One

Shops:
D:6 *

Annotations:
D:4 1 transporter


Innate Abilities, Weirdness & Mutations

You cannot wear most types of armour.
You are amphibious.
You can wear up to eight rings at the same time.
Your skin changes colour to match your surroundings (Stealth+).
Your rubbery body absorbs attacks. (AC +1, EV +1)
((You are camouflaged when in or above water. (Stealth+)))
You have tentacles for arms and can constrict up to eight enemies at once.


Message History

You feel very sick.
You feel sick.
The water moccasin stops moving altogether!
You feel sick.
Casting: Petrify (dangerous; 11% risk of failure)
Confirm with . or Enter, or press ? or * to list all spells.
Aiming: Petrify (dangerous; 11% risk of failure)
Press: ? - help, Shift-Dir - straight line, f/p - water moccasin
Aim: a water moccasin (petrified, chance to affect: 59%)
You miscast Petrify.
You are very lightly contaminated with residual magic.
Nothing appears to happen.
You feel sick.
The wight hits you with a +0 long sword.
You feel drained. The orc completely misses you.
Unknown command.
You are too injured to fight recklessly!
Unknown command.
Casting: Petrify (dangerous; 11% risk of failure)
Confirm with . or Enter, or press ? or * to list all spells.
Aiming: Sandblast (safe; 1% risk of failure)
Press: ? - help, Shift-Dir - straight line, f/p - water moccasin
Aim: a water moccasin (petrified, 100% to hit)
The blast of sand hits the wight.
The wight is lightly damaged.
You feel sick.
The wight hits you with a +0 long sword.
The orc barely misses you.
Unknown command.
Casting: Sandblast (safe; 1% risk of failure)
Confirm with . or Enter, or press ? or * to list all spells.
Aiming: Sandblast (safe; 1% risk of failure)
Press: ? - help, Shift-Dir - straight line, f/p - water moccasin
Aim: a water moccasin (petrified, 100% to hit)
The blast of sand hits the wight.
The wight is lightly damaged.
You feel sick.
The wight hits you with a +0 long sword!
* * * LOW HITPOINT WARNING * * *
The orc hits you with a +0 short sword.
You die...

#.#...#.### #.#...#########.#.#.#
##.#...## #........# #.....#
##...#######.#)..##.## #......
##..........##.##...#####......
#.##########.....©.....#...##.
#.###.## #..#########......#.
#......# #.##8$[_..8##.......
#####.## #.#..)!$$...#...#.#.
###.# ##.#@........#.......
##.#.# ##..#oz.......#.......
#####....###...#©........#..#..##
...........'...#..S......#....###
#####....###...#....©....#..#.###
#..### ##..#.........#.......
#.## ##.##8.....8##....... #.#
#..#########..##.### #.#
##.....©.....###.#


You could see a water moccasin (petrified), a wight and an orc.

Vanquished Creatures
  Joseph (D:7)
  3 water moccasins (D:7)
  A sky beast (D:4)
  2 ice beasts
  3 ogres
  2 phantoms
  A bullfrog (Sewer)
  3 scorpions
  A water moccasin zombie (D:7)
  2 wyvern skeletons
  A bullfrog zombie (D:5)
  3 hounds
  A bullfrog skeleton (D:7)
  A centaur skeleton (D:5)
  A centaur zombie (D:6)
  3 jellies (D:6)
  Crazy Yiuf (D:5)
  A gnoll shaman (D:7)
  3 iguanas
  7 adders
  9 gnolls
  A river rat (D:3)
  A white imp (D:7)
  2 worms
  10 orcs
  9 endoplasms
  13 giant cockroaches
  7 goblins
  8 hobgoblins
  3 jackals (D:1)
  9 kobolds
  3 quokkas
  16 ball pythons
  7 bats
  14 frilled lizards
  9 rats
162 creatures vanquished.

Notes
Turn   | Place    | Note
-------+----------+-------------------------------------------
     0 | D:1      | Atelerd the Octopode Earth Elementalist began the quest for
                  | the Orb.
     0 | D:1      | Reached XP level 1. HP: 11/11 MP: 3/3
   122 | D:1      | Reached XP level 2. HP: 17/17 MP: 5/5
   610 | D:1      | Reached XP level 3. HP: 21/21 MP: 6/6
  1527 | D:2      | Noticed a scorpion
  1539 | D:2      | Killed a scorpion
  1540 | D:2      | Reached skill level 1 in Short Blades
  1540 | D:2      | Reached skill level 5 in Stealth
  1540 | D:2      | Reached XP level 4. HP: 13/27 MP: 2/7
  1856 | D:2      | Reached XP level 5. HP: 28/32 MP: 5/8
  2382 | D:3      | Found an opulent altar of Gozag.
  2527 | D:3      | Reached skill level 1 in Fighting
  2529 | D:3      | Found a glowing drain.
  2545 | Sewer    | Entered a sewer
  3000 | Sewer    | Reached XP level 6. HP: 29/38 MP: 6/10
  3005 | Sewer    | Learned a level 4 spell: Petrify
  3440 | D:3      | Found a snail-covered altar of Cheibriados.
  3879 | D:4      | Found a staircase to the Ecumenical Temple.
  3898 | Temple   | Entered the Ecumenical Temple
  4346 | D:4      | Reached XP level 7. HP: 43/43 MP: 7/12
  4388 | D:4      | Found a shimmering blue altar of Sif Muna.
  4630 | D:4      | Found a transporter.
  4638 | D:4      | Found a transporter.
  4707 | D:4      | Reached skill level 5 in Earth Magic
  5216 | D:4      | Found a glowing silver altar of Zin.
  5389 | D:5      | Entered Level 5 of the Dungeon
  5489 | D:5      | Found an ornate altar of the Wu Jian Council.
  5824 | D:5      | Reached skill level 5 in Spellcasting
  5824 | D:5      | Reached XP level 8. HP: 48/48 MP: 6/15
  6370 | D:5      | Found a runed translucent door.
  6371 | D:5      | Noticed Crazy Yiuf
  6383 | D:5      | Killed Crazy Yiuf
  6957 | D:6      | Found Gasubror's Assorted Antiques.
  6960 | D:6      | Bought a yellow potion for 21 gold pieces
  6960 | D:6      | Bought 2 metallic brown potions for 43 gold pieces
  6960 | D:6      | Bought a scroll labelled TYCZIZ VE DIYS for 24 gold pieces
  6960 | D:6      | Bought a yellow potion for 21 gold pieces
  6960 | D:6      | Bought a scroll labelled TYCZIZ VE DIYS for 24 gold pieces
  6988 | D:6      | Found a sparkling altar of Nemelex Xobeh.
  7169 | D:6      | Found a white marble altar of Elyvilon.
  7463 | D:7      | Noticed Joseph
  7654 | D:7      | Reached XP level 9. HP: 50/53 MP: 16/20
  7731 | D:7      | Found a shadowy altar of Dithmenos.
  8825 | D:7      | Found a radiant altar of Vehumet.
  8959 | D:7      | Killed Joseph
  9214 | D:4      | Learned a level 2 spell: Passwall
  9300 | D:4      | Slain by an orc

Illustrated notes

Levels and vault maps discovered:
D:1:      dpeg_arrival_windows_large_door, layout_rooms,
          kennysheep_another_room, minmay_3d_cube
D:2:      layout_basic
D:3:      layout_loops_cross, mainiacjoe_overflow_catwalk,
          mainiacjoe_overflow_small_starburst, portal_sewer_entry_e,
          st_stairs_10
D:4:      layout_loops_corners, zin_scriptorium,
          gammafunk_temple_overflow_arena, minmay_temple_entry_grid,
          hangedman_abyss_or_decor_stabs
D:5:      layout_basic, nicolae_wu_jian_wuxing_cycle,
          hangedman_abyss_or_decor_passed, minmay_holes, uniq_crazy_yiuf_cottage
D:6:      layout_rooms, mainiacjoe_overflow_tiny_flanked, elyvilon_altar_3,
          serial_shops, kennysheep_mini
D:7:      layout_loops_ring, mainiacjoe_overflow_six_doors_small,
          kennysheep_mini_moat, serial_glass, glass_columns_a, glass_columns_c,
          glass_columns_a, glass_columns_a, glass_columns_b, glass_columns_b,
          uniq_joseph
Temple:   zaba_magenta_temple

Skill      XL: |  1  2  3  4  5  6  7  8  9 |
---------------+----------------------------+-----
Stealth        | 3 5 7 |  7.2
Short Blades   | 1 |  1.3
Fighting       | 1 |  1.0
Spellcasting   | 3 5 7 |  7.8
Transmutations | 2 3 |  3.0
Earth Magic    | 4 5 6 7 |  7.0
Dodging        | 4 |  4.0

Action                   |  1- 3 |  4- 6 |  7- 9 || total
-------------------------+-------+-------+-------++-------
Melee: Unarmed           |     3 |       |       ||     3
       Constrict         |    18 |    22 |    18 ||    58
       Tentacles         |    13 |    26 |    18 ||    57
       Dagger            |    63 |    96 |    85 ||   244
       Punch             |     3 |     1 |     2 ||     6
 Cast: Sandblast         |    13 |    47 |    47 ||   107
       Petrify           |       |     2 |    34 ||    36
Evoke: Wand              |       |       |     2 ||     2
  Use: Scroll            |       |     3 |     6 ||     9
       Potion            |       |       |     1 ||     1
 Stab: Sleeping          |    11 |    13 |    11 ||    35
       Petrified         |       |     4 |    42 ||    46
       Paralysed         |       |       |     1 ||     1
       Petrifying        |       |       |     5 ||     5
Armor: Skin              |     4 |    12 |     5 ||    21
Dodge: Dodged            |    41 |    88 |    41 ||   170
